 Dungeon Crawl Stone Soup version 0.31-a0-596-g831eee08f1 (webtiles) character file.

Game seed: 9020812315337539560

15 LobsterGuardian the Vexing (level 2, 0/20 HPs)
             Began as a Demonspawn Enchanter on Aug 20, 2023.
             Slain by an adder (3 damage)
             ... on level 2 of the Dungeon.
             The game lasted 00:01:25 (1194 turns).

LobsterGuardian the Vexing (Demonspawn Enchanter)   Turns: 1194, Time: 00:01:26

Health: 0/20       AC:  2    Str:  8    XL:     2   Next: 34%
Magic:  5/5        EV: 12    Int: 16    God:
Gold:   63         SH:  0    Dex: 13    Spells: 5/5 levels left

rFire   . . .        a - +1 dagger
rCold   . . .        (no shield)
rNeg    . . .        b - +0 robe
rPois   .            (no helmet)
rElec   .            (no cloak)
rCorr   .            (no gloves)
SInv    .            (no boots)
Will    .....        (no amulet)
Stlth   ++           (no ring)
HPRegen 0.23/turn    (no ring)
MPRegen 0.09/turn

%: no passive effects
@: lethally poisoned (0 -> -10)
A: weakness stinger 1
a: no special abilities


You were on level 2 of the Dungeon.
You visited 1 branch of the dungeon, and saw 2 of its levels.

You collected 63 gold pieces.

Inventory:

Hand Weapons
 a - a +1 dagger (weapon)
Armour
 b - a +0 robe (worn)
Jewellery
 e - a ring of wizardry
Scrolls
 g - a scroll of teleportation {unknown}
Potions
 c - 2 potions of invisibility
 d - a potion of curing {unknown}
 f - a potion of heal wounds
 h - a potion of haste {unknown}
 i - a potion of lignification {unknown}


   Skills:
 + Level 0.3 Fighting
 + Level 1.1 Short Blades
 + Level 1.9 Dodging
 * Level 2.9 Stealth
 + Level 2.2 Spellcasting
 * Level 3.1 Hexes


You had 5 spell levels left.
You didn't know any spells.
Your spell library contained the following spells:

 Spells                   Type           Power      Damage    Failure   Level
 Ensorcelled Hibernation  Hex/Ice        12%        N/A       16%         2
 Confusing Touch          Hex            11%        N/A       17%         3
 Tukima's Dance           Hex            11%        N/A       17%         3
 Poisonous Vapours        Pois/Air       2%         N/A       30%         2
 Dazzling Flash           Conj/Hex       12%        N/A       32%         3
 Mephitic Cloud           Conj/Pois/Air  1%         N/A       52%         3
 Freezing Cloud           Conj/Ice/Air   0%         6-21      99%         5


Dungeon Overview and Level Annotations

Branches:
Dungeon (2/15)

Altars:

Shops:
D:2 (


Innate Abilities, Weirdness & Mutations

You have a small tail.


Message History

You hit the adder but do no damage.
The adder is moderately wounded.
The bat misses you. The adder misses you. The bat barely misses you.
You closely miss the adder.
The adder is moderately wounded.
The adder barely misses you.
You hit the adder.
The adder is heavily wounded.
The bat hits you but does no damage. The adder bites you.
You are poisoned.
The adder poisons you!
You miss the adder.
Your tail-slap misses the adder.
The adder is heavily wounded.
You feel sick. The adder barely misses you. The bat hits you.
You closely miss the adder.
The adder is heavily wounded.
You feel sick. The bat barely misses you. The adder barely misses you.
The adder bites you.
You are more poisoned.
The adder poisons you!
You hit the adder but do no damage.
Your tail-slap misses the adder.
The adder is heavily wounded.
You feel sick. The adder barely misses you. The bat hits you.
You are too injured to fight recklessly!
You are too injured to fight recklessly!
You are too injured to fight recklessly!
You are too injured to fight recklessly!
You are too injured to fight recklessly!
You are too injured to fight recklessly!
You are too injured to fight recklessly!
Unknown command.
You feel sick. The bat barely misses you. The adder attacks as it pursues you!
The adder bites you.
* * * LOW HITPOINT WARNING * * *
You are more poisoned.
The adder poisons you!
* * * LOW HITPOINT WARNING * * *
You feel very sick. The bat barely misses you. The adder bites you.
You die...

#### #............#
...... ###..........#
......####..##########
.......##.## . .
#...#....# ..
...#.#..#.## ...
....∩.....#####....
.#.#..S..........
#...#.b@..^.....#
..................#
##....#...........#
#........#########
#.......## #.......#
###.##### #.


You could see an adder and a bat.

Vanquished Creatures
  3 ball pythons
  A bat (D:1)
  3 endoplasms
  A giant cockroach (D:1)
  A goblin (D:2)
  A quokka (D:2)
  4 rats
14 creatures vanquished.

Notes
Turn   | Place    | Note
-------+----------+-------------------------------------------
     0 | D:1      | LobsterGuardian the Demonspawn Enchanter began the quest
                  | for the Orb.
     0 | D:1      | Reached XP level 1. HP: 13/13 MP: 3/3
   290 | D:1      | Found a faded altar of an unknown god.
   654 | D:1      | Reached skill level 1 in Short Blades
   855 | D:1      | Discovered your monstrous ancestry.
   855 | D:1      | Gained mutation: You have a small tail. [demonic ancestry]
   855 | D:1      | Reached XP level 2. HP: 18/19 MP: 5/5
  1160 | D:2      | Found Jobihiug's Weapon Boutique.
  1194 | D:2      | Slain by an adder

Illustrated notes

Levels and vault maps discovered:
D:1:      saegor_arrival_under_anarchy, layout_basic,
          shapermc_ecumenical_altar_acropolis
D:2:      layout_basic, serial_shops, nicolae_shop_real_fake_doors,
          nicolae_shop_window_shopping, nicolae_shop_advertising_works
          [nicolae_subvault_shop_adworks], shop, minmay_statues_item,
          corner_web_ring, minmay_misc_feat_alley

Skill      XL: |  1 |
---------------+----+-----
Short Blades   | 1 |  1.1
Fighting       | |  0.3
Dodging        | |  1.9
Stealth        | |  2.9
Spellcasting   | |  2.2
Hexes          | |  3.1

Action                     || total
---------------------------++-------
  Melee: Dagger            ||    62
         Tailslap          ||     2
    Use: Scroll            ||     1
   Stab: Sleeping          ||     3
 Armour: Robe              ||    15
  Dodge: Dodged            ||    39

Table legend: (Time is in decaauts)
 A = Elapsed time spent in this place.
 B = Non-inter-level travel time spent in this place.
 C = Inter-level travel time spent in this place.
 D = Time resting spent in this place.
 E = Time spent auto-exploring this place.
 F = Levels seen in this place.
 G = Mean time per level.
                   A        B        C        D        E       F      G
               +--------+--------+--------+--------+--------+-----+--------+
         Total |   1191 |   1142 |     49 |      0 |   1003 |   2 |  595.5 |
       Dungeon |   1191 |   1142 |     49 |      0 |   1003 |   2 |  595.5 |
               +--------+--------+--------+--------+--------+-----+--------+

Top non-repeatable levels by time:
     D:1: 1037 daAuts
     D:2: 153 daAuts
